 Dungeon Crawl Stone Soup version 0.31.0-11-ge490571c62 (webtiles) character file.

Game seed: 12747211204939618460

1411 qw the Nimble (level 8, -6/39 HPs)
             Began as a Spriggan Hunter on Feb 3, 2024.
             Was a Follower of Okawaru.
             Mangled by a wight
             ... wielding a +0 short sword
              (7 damage)
             ... on level 6 of the Dungeon.
             The game lasted 00:00:51 (4723 turns).

qw the Nimble (Spriggan Hunter)                     Turns: 4723, Time: 00:00:51

Health: -6/39      AC:  2    Str: 10    XL:     8   Next: 43%
Magic:  0/11       EV: 31    Int: 10    God:    Okawaru [*.....]
Gold:   224        SH:  0    Dex: 27    Spells: 7/7 levels left

rFire   . . .        a - +0 shortbow
rCold   . . .        (shield currently unavailable)
rNeg    + . .        c - +0 robe
rPois   .            (helmet restricted)
rElec   .            (no cloak)
rCorr   .            (gloves unavailable)
SInv    +            (boots unavailable)
Will    .....        b - amulet "Dyesac Zito" {Spirit rN+ Regen+}
Stlth   +++          g - ring "Kiyhou Bufu" {Fly Will- EV+5 Str+3}
HPRegen 1.06/turn    f - +6 ring of dexterity
MPRegen 0.12/turn

%: guardian spirit
@: flying, very quick
A: very small, no large weapons, unfitting armour, see invisible, speed 3
a: Renounce Religion, Heroism


You were on level 6 of the Dungeon.
You worshipped Okawaru.
Okawaru was aware of your devotion.
You visited 1 branch of the dungeon, and saw 6 of its levels.

You collected 224 gold pieces.


Innate Abilities, Weirdness & Mutations

You are very small and have problems with some larger weapons.
You are too small for most types of armour.
You have supernaturally acute eyesight. (SInv)
You cover ground extremely quickly. (Speed+++)


   Skills:
 - Level 2.7 Fighting
 - Level 8.0 Ranged Weapons
 + Level 8.5 Dodging
 - Level 1.5 Stealth
 + Level 3.7 Invocations


You had 7 spell levels left.
You didn't know any spells.
Your spell library was empty.

Inventory:

Hand Weapons
 a - a +0 shortbow (weapon)
Armour
 c - a +0 robe (worn)
Jewellery
 b - the amulet "Dyesac Zito" (around neck) {Spirit rN+ Regen+}
   (You found it on level 4 of the Dungeon)

   [amulet of guardian spirit]

   Spirit:    It causes incoming damage to be divided between your reserves of
   health and magic.
   rN+:       It protects you from negative energy.
   Regen+:    It increases your rate of health regeneration.
 f - a +6 ring of dexterity (right hand)
 g - the ring "Kiyhou Bufu" (left hand) {Fly Will- EV+5 Str+3}
   (You found it on level 4 of the Dungeon)

   [ring of evasion]

   EV+5:      It affects your evasion (+5).
   Str+3:     It affects your strength (+3).
   Will-:     It decreases your willpower.
   Fly:       It grants you flight.
Wands
 m - a wand of flame (7)
Scrolls
 j - a scroll of teleportation {unknown}
Potions
 d - a potion of enlightenment
 e - a potion of might {unknown}
 h - 2 potions of curing
 i - 2 potions of haste
 k - a potion of mutation {unknown}

Dungeon Overview and Level Annotations

Branches:
Dungeon (6/15)
 Temple: D:4-7

Altars:
Elyvilon
Hepliaklqana
Makhleb
Okawaru
Uskayaw
Vehumet
Yredelemnul

Annotations:
D:2 1 runed translucent door, Crazy Yiuf
D:4 2 transporters, qw's ghost, novice DEHu
D:5 3 runed translucent doors, qw's ghost, amateur DEHu


Message History

You shoot an arrow. The arrow hits the water moccasin!
The water moccasin is heavily wounded.
You feel very sick. The water moccasin misses you.
You shoot an arrow.
The arrow hits the water moccasin but does no damage.
The water moccasin is heavily wounded.
You feel sick.
The water moccasin completely misses you. x2
You shoot an arrow.
The arrow closely misses the water moccasin.
You feel sick.
The water moccasin completely misses you.
You shoot an arrow.
The arrow barely misses the water moccasin.
You feel sick.
The water moccasin completely misses you.
You shoot an arrow. The arrow hits the water moccasin!
The water moccasin is almost dead.
You feel sick.
The water moccasin completely misses you.
The water moccasin misses you.
You shoot an arrow. The arrow hits the water moccasin!
You kill the water moccasin!
Okawaru accepts your kill.
You feel sick.
Your life force feels restored.
You shoot an arrow. The arrow hits the wight!
The wight is almost destroyed.
You feel sick. The wight completely misses you.
You shoot an arrow. The arrow hits the wight.
The wight is almost destroyed.
You feel sick.
The wight hits you with a +0 short sword.
The wight completely misses you.
You shoot an arrow. The arrow barely misses the wight.
You feel sick.
You are no longer poisoned.
The wight hits you with a +0 short sword!
You die...

.... .............#...#
.... ................#
... ................# .#
..................##
.####...............?..#
......#
.........###)..##
......#
.....<....oz#...#
.#....#
.........#.z#..## .#..#
.........#@#..####
....##..####..###zz.#
.#.......###.####.###
..#......##.......####
.## ##...............#
..###................##
..........##...##.....#
###.#).....#...###....#
#####).........# ##...#


You could see 2 wights.

Vanquished Creatures
  A water moccasin (D:6)
  A black bear (D:4)
  An orc warrior (D:6)
  An ogre (D:4)
  A phantom (D:4)
  A scorpion (D:5)
  3 wights (D:6)
  4 hounds
  3 bombardier beetles
  An orc priest (D:5)
  A sleepcap (D:5)
  Natasha (thrice) (D:2)
  An iguana (D:5)
  5 orc wizards
  Robin (D:2)
  7 gnolls
  6 adders
  A shadow imp (D:6)
  2 ufetubi (D:6)
  5 dart slugs
  A ribbon worm (D:4)
  17 orcs
  4 ball pythons
  6 endoplasms
  A giant cockroach (D:4)
  15 goblins
  6 hobgoblins
  6 jackals (D:1)
  4 quokkas
  8 bats
  2 frilled lizards (D:1)
  7 kobolds
  6 rats
132 creatures vanquished.

Notes
Turn   | Place    | Note
-------+----------+-------------------------------------------
     0 | D:1      | qw the Spriggan Hunter began the quest for the Orb.
     0 | D:1      | Reached XP level 1. HP: 10/10 MP: 2/2
     0 | D:1      | 0 ||| qw: Version: 0.3-a-155-g5e7d8dd
     0 | D:1      | 0 ||| qw: Game counter: 3146
     0 | D:1      | 0 ||| qw: Melee chars always use a shield: true
     0 | D:1      | 0 ||| qw: God list: Okawaru
     0 | D:1      | 0 ||| qw: Allow faded altars: false
     0 | D:1      | 0 ||| qw: Do Orc after clearing Dungeon:15 true
     0 | D:1      | 0 ||| qw: Do second Lair branch before Depths: true
     0 | D:1      | 0 ||| qw: Lair rune preference: random
     0 | D:1      | 0 ||| qw: Goals: Normal
     0 | D:1      | 0 ||| PLANNING D:1-11
    87 | D:1      | Reached skill level 3 in Dodging
   166 | D:1      | Reached XP level 2. HP: 14/14 MP: 3/3
   469 | D:1      | Reached XP level 3. HP: 15/18 MP: 4/4
   747 | D:1      | 747 ||| READING scroll labelled BEURHO DUEPROKH.
   848 | D:1      | 848 ||| DROPPING scroll of butterflies.
   901 | D:2      | Noticed Natasha
   907 | D:2      | Killed Natasha
   952 | D:2      | Reached XP level 4. HP: 22/22 MP: 5/5
   981 | D:2      | Found a basalt altar of Yredelemnul.
  1098 | D:2      | Noticed Robin
  1115 | D:2      | Killed Robin
  1131 | D:2      | Noticed Natasha
  1139 | D:2      | Killed Natasha
  1222 | D:2      | Found a runed translucent door.
  1223 | D:2      | Noticed Crazy Yiuf
  1280 | D:2      | Reached XP level 5. HP: 26/26 MP: 6/6
  1313 | D:2      | Noticed Natasha
  1317 | D:2      | Killed Natasha
  1686 | D:2      | 1686 ||| READING scroll labelled GIKHLI CEZAIPP.
  1687 | D:2      | 1687 ||| READING scroll labelled AMIOWK DEMEAMO.
  1687 | D:2      | 1687 ||| IDENTIFYING sapphire potion
  1688 | D:2      | 1688 ||| READING scroll labelled HAOSKY BYSOL.
  1728 | D:3      | 1728 ||| PLANNING SEWER
  1855 | D:3      | 1855 ||| FLEEEEING.
  1857 | D:3      | 1857 ||| FLEEEEING.
  1873 | D:3      | 1873 ||| FLEEEEING.
  1874 | D:3      | 1874 ||| FLEEEEING.
  1875 | D:3      | 1875 ||| FLEEEEING.
  1927 | D:3      | Reached skill level 6 in Ranged Weapons
  1992 | D:3      | 1992 ||| FLEEEEING.
  1993 | D:3      | 1993 ||| FLEEEEING.
  1994 | D:3      | 1994 ||| FLEEEEING.
  1996 | D:3      | 1996 ||| FLEEEEING.
  1997 | D:3      | 1997 ||| FLEEEEING.
  1999 | D:3      | 1999 ||| FLEEEEING.
  2000 | D:3      | 2000 ||| FLEEEEING.
  2002 | D:3      | 2002 ||| FLEEEEING.
  2003 | D:3      | 2003 ||| FLEEEEING.
  2004 | D:3      | 2004 ||| FLEEEEING.
  2006 | D:3      | 2006 ||| FLEEEEING.
  2007 | D:3      | 2007 ||| FLEEEEING.
  2011 | D:3      | 2011 ||| FLEEEEING.
  2012 | D:3      | 2012 ||| FLEEEEING.
  2014 | D:3      | 2014 ||| FLEEEEING.
  2015 | D:3      | 2015 ||| FLEEEEING.
  2017 | D:3      | 2017 ||| FLEEEEING.
  2018 | D:3      | 2018 ||| FLEEEEING.
  2019 | D:3      | 2019 ||| FLEEEEING.
  2021 | D:3      | 2021 ||| FLEEEEING.
  2022 | D:3      | 2022 ||| FLEEEEING.
  2023 | D:3      | 2023 ||| FLEEEEING.
  2025 | D:3      | 2025 ||| FLEEEEING.
  2026 | D:3      | 2026 ||| FLEEEEING.
  2028 | D:3      | 2028 ||| FLEEEEING.
  2029 | D:3      | 2029 ||| FLEEEEING.
  2030 | D:3      | 2030 ||| FLEEEEING.
  2032 | D:3      | 2032 ||| FLEEEEING.
  2033 | D:3      | 2033 ||| FLEEEEING.
  2035 | D:3      | 2035 ||| FLEEEEING.
  2050 | D:3      | HP: 3/26 [orc wizard/+1 dagger of venom (4)]
  2051 | D:3      | 2051 ||| DRINKING potion of heal wounds.
  2057 | D:3      | Reached XP level 6. HP: 16/30 MP: 7/7
  2286 | D:3      | Reached skill level 6 in Dodging
  2422 | D:3      | 2422 ||| READING scroll of identify.
  2422 | D:3      | 2422 ||| IDENTIFYING fuming emerald potion
  2423 | D:3      | 2423 ||| DRINKING 2 puce potions.
  2424 | D:3      | 2424 ||| DRINKING 2 red potions.
  2425 | D:3      | 2425 ||| DROPPING potion of lignification.
  2426 | D:3      | 2426 ||| DROPPING potion of attraction.
  2574 | D:3      | 2574 ||| RIP SEWER
  2574 | D:3      | 2574 ||| PLANNING D:1-11
  2661 | D:3      | 2661 ||| PLANNING SEWER
  2744 | D:3      | 2744 ||| RIP SEWER
  2745 | D:3      | 2745 ||| PLANNING D:1-11
  2860 | D:4      | Found a hide-covered altar of Uskayaw.
  2901 | D:4      | Found a radiant altar of Vehumet.
  2902 | D:4      | Found a burning altar of Makhleb.
  2902 | D:4      | Found an iron altar of Okawaru.
  2903 | D:4      | 2903 ||| PLANNING OKAWARU WORSHIP
  2904 | D:4      | Found a hazy altar of Hepliaklqana.
  2910 | D:4      | Became a worshipper of Warmaster Okawaru
  2911 | D:4      | 2911 ||| PLANNING D:1-11
  2961 | D:4      | Identified the amulet "Dyesac Zito" {Spirit rN+ Regen+}
  3023 | D:4      | Reached XP level 7. HP: 35/35 MP: 8/8
  3036 | D:4      | Found a transporter.
  3077 | D:4      | Identified the ring "Kiyhou Bufu" {Fly Will- EV+5 Str+3}
  3110 | D:4      | Identified the +2 dagger "Ijeock" {vamp, rElec rN+ Dex-3}
  3129 | D:4      | Noticed qw's ghost (novice DEHu)
  3132 | D:4      | Found a transporter.
  3136 | D:4      | 3136 ||| UPGRADING to amulet "Dyesac Zito" {Spirit rN+
                  | Regen+}.
  3141 | D:4      | 3141 ||| UPGRADING to ring "Kiyhou Bufu" {Fly Will- EV+5
                  | Str+3}.
  3142 | D:4      | 3142 ||| DRINKING 2 fizzy orange potions.
  3143 | D:4      | 3143 ||| DROPPING potion of degeneration.
  3639 | D:4      | 3639 ||| READING 2 scrolls labelled NETSUCE NUUSI.
  3640 | D:4      | 3640 ||| DROPPING scroll of revelation.
  3659 | D:5      | Entered Level 5 of the Dungeon
  3664 | D:5      | 3664 ||| STAIRDANCE
  3666 | D:4      | 3666 ||| DRINKING ruby potion.
  3667 | D:4      | 3667 ||| DRINKING sedimented purple potion.
  3668 | D:4      | 3668 ||| DRINKING orange potion.
  3775 | D:5      | 3775 ||| STAIRDANCE
  3777 | D:4      | 3777 ||| DRINKING metallic amethyst potion.
  3778 | D:4      | 3778 ||| DRINKING blue potion.
  3796 | D:5      | 3796 ||| STAIRDANCE
  3879 | D:5      | Found a white marble altar of Elyvilon.
  3919 | D:5      | HP: 7/35 [orc wizard/puff of flame (11)]
  3932 | D:5      | HP: 8/35 [bombardier beetle (3)]
  4006 | D:5      | Reached * piety under Okawaru
  4122 | D:5      | Found a runed translucent gate.
  4122 | D:5      | Found a runed translucent gate.
  4122 | D:5      | Found a runed translucent gate.
  4159 | D:5      | Reached skill level 1 in Invocations
  4188 | D:5      | Noticed qw's ghost (amateur DEHu)
  4434 | D:5      | 4434 ||| UPGRADING to +6 ring of dexterity.
  4435 | D:5      | 4435 ||| READING scroll of identify.
  4435 | D:5      | 4435 ||| IDENTIFYING grey potion
  4436 | D:5      | 4436 ||| READING scroll labelled FAWICREVOM.
  4437 | D:5      | 4437 ||| READING scroll labelled QUATSYI MATULONN.
  4437 | D:5      | 4437 ||| ENCHANTING +0 shortbow.
  4473 | D:6      | Reached XP level 8. HP: 37/39 MP: 8/10
  4671 | D:6      | 4671 ||| RETREEEEATING.
  4672 | D:6      | 4672 ||| RETREEEEATING.
  4674 | D:6      | 4674 ||| RETREEEEATING.
  4675 | D:6      | 4675 ||| RETREEEEATING.
  4677 | D:6      | 4677 ||| RETREEEEATING.
  4679 | D:6      | 4679 ||| RETREEEEATING.
  4682 | D:6      | 4682 ||| RETREEEEATING.
  4690 | D:6      | Reached skill level 3 in Invocations
  4696 | D:6      | 4696 ||| RETREEEEATING.
  4706 | D:6      | 4706 ||| RETREEEEATING.
  4707 | D:6      | 4707 ||| RETREEEEATING.
  4709 | D:6      | 4709 ||| RETREEEEATING.
  4709 | D:6      | HP: 8/37 [water moccasin (5)]
  4710 | D:6      | 4710 ||| RETREEEEATING.
  4714 | D:6      | HP: 6/37 [water moccasin (3)]
  4717 | D:6      | HP: 2/37 [poisoned by a water moccasin]
  4722 | D:6      | HP: 2/39 [poisoned by a water moccasin]
  4723 | D:6      | Mangled by a wight

Levels and vault maps discovered:
D:1:      dpeg_cavernosity, layout_basic
D:2:      layout_loops_cross, basic_altar, uniq_crazy_yiuf_cottage, uniq_robin,
          uniq_natasha
D:3:      layout_basic, portal_sewer_entry_b, kennysheep_generic_room_14
D:4:      layout_loops_corners, minitemple, gammafunk_ghost_arena
D:5:      layout_rooms, mainiacjoe_overflow_small_starburst, gammafunk_ghost_icy
D:6:      cheibrodos_helix_gallery, layout_cave_pools,
          chequers_serial_rivers_micro_e, minivault_4

Skill      XL: |  1  2  3  4  5  6  7  8 |
---------------+-------------------------+-----
Dodging        | 3 4 5 6 7 8 |  8.5
Ranged Weapons | 5 6 7 8 |  8.0
Fighting       | 2 |  2.7
Invocations    | 2 3 |  3.7
Stealth        | |  1.5

Action                     |  1- 3 |  4- 6 |  7- 9 || total
---------------------------+-------+-------+-------++-------
   Fire: Shortbow          |    73 |   169 |   232 ||   474
    Use: Scroll            |     1 |     4 |     4 ||     9
         Potion            |       |     3 |     6 ||     9
 Armour: Robe              |     8 |    18 |    51 ||    77
  Dodge: Dodged            |    17 |    45 |   272 ||   334

Table legend:
 A = Non-vault XP
 B = Vault XP
 C = Vault XP percentage of total XP
 D = Non-vault monster count
 E = Vault monster count
 F = Vault count percentage of total count
                 A         B        C        D         E       F
            +---------+---------+-------+---------+---------+-------
      Total |    1853 |     164 |   8.1 |     112 |      20 |  15.2
            +---------+---------+-------+---------+---------+-------
        D:1 |      48 |       6 |  11.1 |      26 |       4 |  13.3
        D:2 |     153 |      71 |  31.7 |      21 |      13 |  38.2
        D:3 |     161 |       2 |   1.2 |      16 |       1 |   5.9
        D:4 |     539 |       0 |   0.0 |      20 |       0 |   0.0
        D:5 |     373 |       0 |   0.0 |      13 |       0 |   0.0
        D:6 |     579 |      85 |  12.8 |      16 |       2 |  11.1
            +---------+---------+-------+---------+---------+-------
